 Dungeon Crawl Stone Soup version 0.31-a0-175-g9f7f995f2b (webtiles) character file.

Game seed: 3754847949403657945

106 qw the Shooter (level 4, -2/42 HPs)
             Began as a Naga Hunter on June 16, 2023.
             Slain by a lemure (7 damage)
             ... led by Pikel
             ... on level 3 of the Dungeon.
             The game lasted 00:00:55 (2031 turns).

qw the Shooter (Naga Hunter)                        Turns: 2031, Time: 00:00:56

Health: -2/42      AC:  5    Str: 14    XL:     4   Next: 84%
Magic:  4/4        EV:  9    Int:  9    God:
Gold:   141        SH:  0    Dex: 16    Spells: 3/3 levels left

rFire   . . .        Y - +2 shortbow (freeze)
rCold   . . .        (shield currently unavailable)
rNeg    . . .        c - +0 leather armour
rPois   +            (no helmet)
rElec   .            h - +1 cloak {Stlth+}
rCorr   .            m - +0 pair of gloves
SInv    +            (no barding)
Will    .....        (no amulet)
Stlth   +++          (no ring)
HPRegen 0.27/turn    (no ring)
MPRegen 0.09/turn

%: no passive effects
@: very slow
A: AC +1, large, see invisible, deformed body, poison resistance, slowness 2,
spit poison 1, naga tail 1
a: Spit Poison


You were on level 3 of the Dungeon.
You visited 1 branch of the dungeon, and saw 4 of its levels.

You collected 141 gold pieces.


Innate Abilities, Weirdness & Mutations

Your serpentine skin is tough. (AC +1)
You have supernaturally acute eyesight. (SInv)
Armour fits poorly on your strangely shaped body.
Your system is resistant to poisons. (rPois)
You cover ground very slowly.
You can spit poison.
You have a snake-like lower body.


   Skills:
 - Level 3.0 Fighting
 + Level 5.0 Ranged Weapons
 - Level 1.5 Dodging
 - Level 1.5 Stealth


You had 3 spell levels left.
You didn't know any spells.
Your spell library was empty.

Inventory:

Hand Weapons
 Y - a +2 shortbow of freezing (weapon)
Armour
 c - a +0 leather armour (worn)
 h - a +1 cloak of stealth (worn)
 m - a +0 pair of gloves (worn)
Jewellery
 e - a ring of ice
 k - a ring of ice
Scrolls
 i - a scroll of identify
Potions
 a - a potion of enlightenment {unknown}
 d - a potion of mutation {unknown}
 f - a potion of curing
 g - a potion of cancellation {unknown}
 j - a potion of haste {unknown}

Dungeon Overview and Level Annotations

Branches:
Dungeon (4/15)
 Temple: D:4-7

Altars:

Annotations:
D:4 Pikel


Message History

Enter note:
Enter note:
Enter note:
Enter note:
Enter note:
Enter note:
Enter note:
Enter note:
Enter note:
Enter note: You shoot an arrow.
The arrow hits the lemure!
The arrow freezes the lemure.
The lemure is heavily wounded.
You have got your breath back.
The lemure closely misses you. The lemure hits you but does no damage.
The lemure completely misses you.
2026 ||| INVOKING Spit Poison.
Aiming: Spit Poison (1% risk of failure)
Press: ? - help, Shift-Dir - straight line, f/p - lemure The splash of poison hits the lemure.
The lemure is severely wounded.
The lemure barely misses you. x2; The lemure hits you.
You shoot an arrow. The arrow barely misses the lemure.
The lemure looks more healthy.
The lemure hits you. The lemure hits you but does no damage.
The lemure barely misses you.
You shoot an arrow. The arrow hits the lemure!
The arrow freezes the lemure.
You kill the lemure!
That felt strangely unrewarding.
The lemure hits you. The lemure barely misses you.
You shoot an arrow. The arrow hits the lemure!
The arrow freezes the lemure.
The lemure is severely wounded.
The lemure hits you. x2; The lemure barely misses you.
The lemure hits you.
You shoot an arrow.
The arrow hits the lemure but does no damage.
The lemure is severely wounded.
The lemure hits you. x2
You shoot an arrow. The arrow hits the lemure!
The arrow freezes the lemure.
The lemure is almost dead.
You have got your breath back.
The lemure hits you!
You die...

~~~~#...####........####oo......~
7~7.........##.###..####.[.....P~
7..............# #...oooo.....~)~
#...........#######.####o.....~P~
####....#.### ##.....##......~)~
##.......# ##......####....~~P
#........# #.......# #....~P~
#.....#..#####.5....#####...##.
#........##...@...........#.##.
#..##.#..#.....5..#..#.........
#...........##.........##.#####
#......>....##.......####.#
#######.........#...#..####.# P#
####.......#.#...#.<.....#
P###...................######
..##.##.#.#.###.########
.........###.##.###


You could see 2 lemures.

Vanquished Creatures
  A lemure (D:3)
  2 adders (D:2)
  2 worms (D:2)
  4 dart slugs
  5 orcs (D:3)
  10 ball pythons
  6 endoplasms
  A giant cockroach (D:1)
  6 goblins
  5 hobgoblins
  5 jackals
  5 bats
  4 frilled lizards
  3 kobolds
  4 rats
63 creatures vanquished.

Notes
Turn   | Place    | Note
-------+----------+-------------------------------------------
     0 | D:1      | qw the Naga Hunter began the quest for the Orb.
     0 | D:1      | Reached XP level 1. HP: 19/19 MP: 1/1
     0 | D:1      | 0 ||| qw: Version: 0.2-a-29-g511e9b1
     0 | D:1      | 0 ||| qw: Game counter: 5924
     0 | D:1      | 0 ||| qw: Always use a shield: true
     0 | D:1      | 0 ||| qw: God list: Okawaru
     0 | D:1      | 0 ||| qw: Allow faded altars: false
     0 | D:1      | 0 ||| qw: Do Orc after D:15 true
     0 | D:1      | 0 ||| qw: Do second Lair branch before Depths: true
     0 | D:1      | 0 ||| qw: Lair rune preference: random
     0 | D:1      | 0 ||| qw: Plans: Normal
     0 | D:1      | 0 ||| PLANNING D:1-11
    11 | D:1      | 11 ||| INVOKING Spit Poison.
    24 | D:1      | 24 ||| INVOKING Spit Poison.
    51 | D:1      | 51 ||| INVOKING Spit Poison.
    64 | D:1      | 64 ||| INVOKING Spit Poison.
    65 | D:1      | Reached skill level 4 in Ranged Weapons
    65 | D:1      | Reached XP level 2. HP: 26/26 MP: 2/2
   102 | D:1      | 102 ||| INVOKING Spit Poison.
   161 | D:1      | 161 ||| INVOKING Spit Poison.
   212 | D:1      | 212 ||| INVOKING Spit Poison.
   250 | D:1      | 250 ||| INVOKING Spit Poison.
   253 | D:1      | 253 ||| INVOKING Spit Poison.
   261 | D:1      | 261 ||| INVOKING Spit Poison.
   264 | D:1      | 264 ||| INVOKING Spit Poison.
   265 | D:1      | Reached XP level 3. HP: 32/32 MP: 3/3
   300 | D:1      | 300 ||| INVOKING Spit Poison.
   398 | D:1      | 398 ||| INVOKING Spit Poison.
   469 | D:1      | 469 ||| UPGRADING to +1 cloak of stealth.
   474 | D:1      | 474 ||| READING scroll labelled JAIME XAMOGOZAD.
   475 | D:1      | 475 ||| READING 2 scrolls labelled XOORAI CETTOMA.
   476 | D:1      | 476 ||| READING scroll of enchant weapon.
   476 | D:1      | 476 ||| ENCHANTING +1 shortbow.
   477 | D:1      | 477 ||| DROPPING scroll of butterflies.
   507 | D:2      | 507 ||| INVOKING Spit Poison.
   515 | D:2      | 515 ||| INVOKING Spit Poison.
   654 | D:2      | 654 ||| INVOKING Spit Poison.
   687 | D:2      | 687 ||| INVOKING Spit Poison.
   732 | D:2      | 732 ||| INVOKING Spit Poison.
   762 | D:2      | 762 ||| INVOKING Spit Poison.
   807 | D:2      | 807 ||| INVOKING Spit Poison.
   810 | D:2      | 810 ||| INVOKING Spit Poison.
   823 | D:2      | 823 ||| INVOKING Spit Poison.
   871 | D:2      | 871 ||| INVOKING Spit Poison.
  1060 | D:2      | 1060 ||| INVOKING Spit Poison.
  1064 | D:2      | 1064 ||| INVOKING Spit Poison.
  1065 | D:2      | Reached skill level 5 in Ranged Weapons
  1065 | D:2      | Reached XP level 4. HP: 36/39 MP: 4/4
  1071 | D:2      | 1071 ||| FLEEEEING.
  1118 | D:2      | 1118 ||| INVOKING Spit Poison.
  1183 | D:2      | 1183 ||| INVOKING Spit Poison.
  1215 | D:2      | 1215 ||| INVOKING Spit Poison.
  1228 | D:2      | 1228 ||| INVOKING Spit Poison.
  1231 | D:2      | 1231 ||| INVOKING Spit Poison.
  1250 | D:2      | 1250 ||| INVOKING Spit Poison.
  1371 | D:2      | 1371 ||| READING scroll labelled OQAP DOOLLINEK.
  1372 | D:2      | 1372 ||| READING scroll labelled JAWNER GETOTI.
  1373 | D:2      | 1373 ||| READING scroll labelled ANYUBB HOSITO.
  1374 | D:2      | 1374 ||| READING scroll labelled AGEJOBREEME.
  1375 | D:2      | 1375 ||| DRINKING 2 clear potions.
  1376 | D:2      | 1376 ||| DRINKING 3 fuming sapphire potions.
  1377 | D:2      | 1377 ||| DROPPING 2 potions of brilliance.
  1417 | D:3      | 1417 ||| INVOKING Spit Poison.
  1464 | D:3      | 1464 ||| INVOKING Spit Poison.
  1509 | D:3      | 1509 ||| INVOKING Spit Poison.
  1543 | D:3      | 1543 ||| INVOKING Spit Poison.
  1587 | D:3      | 1587 ||| INVOKING Spit Poison.
  1600 | D:3      | 1600 ||| INVOKING Spit Poison.
  1605 | D:3      | 1605 ||| INVOKING Spit Poison.
  1609 | D:3      | 1609 ||| INVOKING Spit Poison.
  1666 | D:3      | 1666 ||| INVOKING Spit Poison.
  1667 | D:3      | Reached skill level 3 in Fighting
  1791 | D:3      | 1791 ||| UPGRADING to +0 pair of gloves.
  1801 | D:3      | 1801 ||| INVOKING Spit Poison.
  1999 | D:3      | 1999 ||| READING scroll labelled JIHYUXY XOWNET.
  2002 | D:3      | 2002 ||| READING 2 scrolls labelled MOOLERPHABUS.
  2003 | D:3      | 2003 ||| READING scroll labelled KEB WUSAIR.
  2020 | D:4      | Noticed a lemure
  2020 | D:4      | Noticed a lemure
  2020 | D:4      | Noticed a lemure
  2020 | D:4      | Noticed a lemure
  2021 | D:4      | 2021 ||| PLANNING OSSUARY
  2021 | D:4      | 2021 ||| INVOKING Spit Poison.
  2022 | D:4      | Noticed Pikel
  2023 | D:4      | 2023 ||| STAIRDANCE
  2026 | D:3      | 2026 ||| INVOKING Spit Poison.
  2028 | D:3      | Killed a lemure
  2029 | D:3      | HP: 10/42 [lemure[Pikel] (2)]
  2031 | D:3      | Slain by a lemure

Levels and vault maps discovered:
D:1:      ldierk_walled_garden, layout_basic,
          nicolae_concentric_dashed_squares_wild
D:2:      layout_loops_corners, serial_glass, glass_columns_a, glass_columns_b
D:3:      layout_loops_cross, serial_bayou, serial_bayou_ford_a,
          serial_bayou_lagoon_a, serial_bayou_pond_a, serial_bayou_shore_a
D:4:      layout_basic, nicolae_overflow_squiral,
          gammafunk_ghost_abyssal_escape, enter_ossuary_3, uniq_pikel

Skill      XL: |  1  2  3  4 |
---------------+-------------+-----
Ranged Weapons | 4 5 |  5.0
Fighting       | 3 |  3.0
Dodging        | |  1.5
Stealth        | |  1.5

Action                     |  1- 3 |  4- 6 || total
---------------------------+-------+-------++-------
   Fire: Shortbow          |    57 |    43 ||   100
Ability: Spit Poison       |    25 |    18 ||    43
    Use: Scroll            |     3 |     7 ||    10
         Potion            |       |     2 ||     2
 Armour: Leather armour    |     3 |     5 ||     8
  Dodge: Dodged            |     6 |     9 ||    15

Table legend:
 A = Non-vault XP
 B = Vault XP
 C = Vault XP percentage of total XP
 D = Non-vault monster count
 E = Vault monster count
 F = Vault count percentage of total count
                 A         B        C        D         E       F
            +---------+---------+-------+---------+---------+-------
      Total |     152 |       0 |   0.0 |      62 |       0 |   0.0
            +---------+---------+-------+---------+---------+-------
        D:1 |      43 |       0 |   0.0 |      23 |       0 |   0.0
        D:2 |      73 |       0 |   0.0 |      23 |       0 |   0.0
        D:3 |      36 |       0 |   0.0 |      16 |       0 |   0.0
            +---------+---------+-------+---------+---------+-------
